 Dungeon Crawl Stone Soup version 0.30.0-5-g1a98f26d00 (webtiles) character file.

Game seed: 15811955092251191805

110 NinjaNoafa the Firebug (level 4, -6/18 HPs)
             Began as a Vine Stalker Fire Elementalist on May 10, 2023.
             Mangled by a black bear (10 damage)
             ... on level 3 of the Dungeon.
             The game lasted 00:05:25 (2278 turns).

NinjaNoafa the Firebug (VSFE)                       Turns: 2278, Time: 00:05:25

Health: -6/18      AC:  1    Str: 10    XL:     4   Next: 91%
Magic:  0/8        EV: 12    Int: 17    God:
Gold:   45         SH:  0    Dex: 15    Spells: 4/7 levels left

rFire   . . .        a - +2 short sword (speed)
rCold   . . .        (no shield)
rNeg    . . .        l - +0 robe
rPois   .            (no helmet)
rElec   .            (no cloak)
rCorr   .            (no gloves)
SInv    .            (no boots)
Will    .....        n - amulet of magic regeneration
Stlth   ++           (no ring)
HPRegen 1.03/turn    (no ring)
MPRegen 0.51/turn

%: guardian spirit
@: no status effects
A: fangs 2, regeneration 1, magic shield, antimagic bite, no potion heal 2,
deformed body, frail 1
a: no special abilities


You were on level 3 of the Dungeon.
You visited 1 branch of the dungeon, and saw 4 of its levels.

You collected 45 gold pieces.

Inventory:

Hand Weapons
 a - a +2 short sword of speed (weapon)
Armour
 l - a +0 robe (worn)
Jewellery
 n - an amulet of magic regeneration (around neck)
Scrolls
 c - a scroll of fog {unknown}
 f - 3 scrolls of identify {unknown}
 g - a scroll of vulnerability {unknown}
 j - 2 scrolls of magic mapping {unknown}
 m - 2 scrolls of teleportation {unknown}
Potions
 b - a potion of magic
 d - 2 potions of mutation
 e - 2 potions of berserk rage {unknown}
 h - a potion of flight {unknown}
 i - a potion of lignification {unknown}
 k - a potion of heal wounds {unknown}
 o - a potion of curing {unknown}


   Skills:
 + Level 1.3 Short Blades
 - Level 1.5 Dodging
 - Level 2.4 Stealth
 - Level 2.1 Spellcasting
 + Level 3.0 Conjurations
 + Level 4.1 Fire Magic


You had 4 spell levels left.
You knew the following spells:

 Your Spells              Type           Power      Damage    Failure   Level
a - Foxfire               Conj/Fire      56%        2x1d6     4%          1
b - Scorch                Fire           32%        2d6       5%          2

Your spell library contained the following spells:

 Spells                   Type           Power      Damage    Failure   Level
 Freeze                   Ice            4%         1d3       19%         1
 Inner Flame              Hex/Fire       8%         N/A       24%         3
 Volatile Blastmotes      Fire/Tloc      16%        2d11      24%         3
 Hailstorm                Conj/Ice       6%         3d4       30%         3
 Flame Wave               Conj/Fire      14%        2d6       41%         4
 Frozen Ramparts          Ice            2%         1d1       50%         3


Dungeon Overview and Level Annotations

Branches:
Dungeon (4/15) Zot: 21734
 Temple: D:4-7

Altars:


Innate Abilities, Weirdness & Mutations

You have extremely sharp teeth.
Your natural rate of healing is unusually fast.
When hurt, damage is shared between your health and your magic reserves.
Your bite disrupts and absorbs the magic of your enemies.
Potions cannot restore your health.
Armour fits poorly on your strangely shaped body.
You are frail. (-10% HP)


Message History

The black bear closely misses you.
Casting: Scorch (safe; 5% risk of failure)
Confirm with . or Enter, or press ? or * to list all spells.
Flames lash the black bear.
The black bear is burned terribly!
The black bear is severely wounded.
The black bear barely misses you. x2; The black bear claws you.
Casting: Scorch (safe; 5% risk of failure)
Confirm with . or Enter, or press ? or * to list all spells.
Flames lash the black bear.
The black bear is burned terribly!
The black bear is almost dead.
The black bear bites you. The black bear claws you.
* * * LOW HITPOINT WARNING * * *
The black bear claws you but does no damage.
Unknown command.
Okay, then.
You hit the black bear.
You bite the black bear, but do no damage.
The black bear is almost dead.
The black bear bites you.
* * * LOW HITPOINT WARNING * * *
The black bear misses you. The black bear closely misses you.
Unknown command.
You hit the black bear but do no damage.
Your bite misses the black bear.
The black bear is almost dead.
You closely miss the black bear.
The black bear is almost dead.
The black bear goes berserk!
You barely miss the black bear.
You bite the black bear, but do no damage.
The black bear is almost dead.
The black bear bites you.
* * * LOW HITPOINT WARNING * * *
The black bear misses you. The black bear claws you.
* * * LOW HITPOINT WARNING * * *
It was a potion of mutation.
You feel extremely strange.
You feel frail.
Your body twists and deforms.
The black bear bites you!
Ouch! That really hurt!
You die...

.#.#......# ######
.#.#......#
##.#......#
...#......#
#######'###
##......########
##.######......#
##.######......###
........'.)....h@#
##.....##......#.#
######.#########.#
# #...........#
####..#####.# #..#
#.# #..# #.# #..#
#.# #..# #.#


You could see a black bear (berserk, combustible).

Vanquished Creatures
  2 adders (D:3)
  A worm (D:2)
  2 dart slugs
  10 orcs (D:3)
  5 ball pythons
  5 bats
  3 endoplasms
  5 giant cockroaches
  8 hobgoblins
  4 jackals (D:1)
  4 quokkas
  5 frilled lizards
  6 goblins
  4 kobolds
  5 rats
69 creatures vanquished.

Vanquished Creatures (others)
  154 foxfires
154 creatures vanquished.

Grand Total: 223 creatures vanquished

Notes
Turn   | Place    | Note
-------+----------+-------------------------------------------
     0 | D:1      | NinjaNoafa the Vine Stalker Fire Elementalist began the
                  | quest for the Orb.
     0 | D:1      | Reached XP level 1. HP: 9/9 MP: 4/4
   138 | D:1      | Reached XP level 2. HP: 4/13 MP: 4/6
   279 | D:1      | Found a faded altar of an unknown god.
   452 | D:1      | Reached XP level 3. HP: 16/16 MP: 5/7
   642 | D:1      | Learned a level 2 spell: Scorch
  1470 | D:3      | Gained mutation: Your natural rate of healing is unusually
                  | fast. [Vine Stalker growth]
  1470 | D:3      | Reached XP level 4. HP: 21/21 MP: 6/8
  1502 | D:3      | Reached skill level 4 in Fire Magic
  1757 | D:3      | Reached skill level 1 in Short Blades
  2267 | D:4      | Noticed a black bear
  2278 | D:3      | Gained mutation: You are frail. (-10% HP) [potion of
                  | mutation]
  2278 | D:3      | Gained mutation: Armour fits poorly on your strangely
                  | shaped body. [potion of mutation]
  2278 | D:3      | Mangled by a black bear

Illustrated notes

Levels and vault maps discovered:
D:1:      dpeg_arrival_round_a, layout_basic,
          shapermc_ecumenical_altar_mp_highgroup
D:2:      layout_rooms
D:3:      layout_basic
D:4:      layout_cave_pools, gammafunk_ghost_split,
          nicolae_shop_sticking_my_neck_out

Skill      XL: |  1  2  3  4 |
---------------+-------------+-----
Conjurations   | 2 3 |  3.0
Fire Magic     | 4 |  4.1
Short Blades   | 1 |  1.3
Dodging        | |  1.5
Stealth        | |  2.4
Spellcasting   | |  2.1

Action                     |  1- 3 |  4- 6 || total
---------------------------+-------+-------++-------
  Melee: Unarmed           |     9 |       ||     9
         Bite              |     9 |     4 ||    13
         Short sword       |    21 |    20 ||    41
         Punch             |     1 |       ||     1
   Cast: Foxfire           |    53 |    40 ||    93
         Scorch            |     4 |     4 ||     8
    Use: Potion            |       |     1 ||     1
   Stab: Sleeping          |       |     4 ||     4
 Armour: Robe              |    17 |     1 ||    18
  Dodge: Dodged            |    60 |    24 ||    84
